 Dungeon Crawl Stone Soup version 0.32-a0-841-g4648e6c457 (webtiles) character file.

Game seed: 11296056199251227003

1565533 Sergey the Ruinous (level 27, 171/171 HPs)
             Began as a Tengu Wanderer on Mar 26, 2024.
             Was a High Priest of Makhleb.
             Escaped with the Orb
             ... and 4 runes on Mar 27, 2024!
             The game lasted 04:30:27 (142668 turns).

Sergey the Ruinous (Tengu Wanderer)               Turns: 142668, Time: 04:30:27

Health: 171/171    AC: 18    Str: 16    XL:     27
Magic:  42/42      EV: 30    Int: 25    God:    Makhleb [*****.]
Gold:   1346       SH: 10    Dex: 23    Spells: 16/64 levels left

rFire   + + +        e - staff of Dagoeg {rF+ rC+ rN+ Str+3 Clar Summ Fire}
rCold   + + .        t - +3 buckler {AC+3}
rNeg    + . .        n - +2 robe of the Morning {rElec rF+}
rPois   +            x - +3 crown of Dyrovepreva {rElec Int+2 SInv}
rElec   +            L - +4 cloak "Onegits" {Rampage rPois Dex+2 Stlth-}
rCorr   +            N - +2 pair of gloves {hurl}
SInv    +            (boots unavailable)
Will    ++++.        V - amulet of regeneration
Stlth   +            o - +6 ring of intelligence
HPRegen 1.28/turn    g - ring "Ore Loul" {rF+ Will+ rCorr Int-2 SInv}
MPRegen 0.28/turn

%: acrobat, clarity, rampage
@: flying, studying 2 skills
A: beak, talons 3, evasive flight, acrobatic, berserk 1, cold resistance 1, low
MP 1, strong-willed 1, persistent drain
0: Orb of Zot
}: 4/15 runes: decaying, serpentine, slimy, silver
a: Renounce Religion, Minor Destruction, Lesser Servant of Makhleb, Major
Destruction, Greater Servant of Makhleb


You escaped.
You worshipped Makhleb.
Makhleb was extremely pleased with you.
You visited 11 branches of the dungeon, and saw 54 of its levels.
You visited 1 bazaar.
You also visited: Wizlab.

You collected 7239 gold pieces.
You spent 5893 gold pieces at shops.

Inventory:

Hand Weapons
 w - a +7 short sword of speed
Missiles
 z - 3 curare-tipped darts
 P - 5 throwing nets
Armour
 b - a +2 kite shield of cold resistance
 h - a scarf of resistance
 n - the +2 robe of the Morning (worn) {rElec rF+}
   (You took it off Boris on level 2 of the Vaults)

   rF+:       It protects you from fire.
   rElec:     It insulates you from electricity.
 t - a +3 buckler of protection (worn)
 x - the +3 crown of Dyrovepreva (worn) {rElec Int+2 SInv}
   (You found it on level 4 of the Realm of Zot)

   Int+2:     It affects your intelligence (+2).
   rElec:     It insulates you from electricity.
   SInv:      It lets you see invisible.
 L - the +4 cloak "Onegits" (worn) {Rampage rPois Dex+2 Stlth-}
   (You acquired it on level 7 of the Dungeon)

   Dex+2:     It affects your dexterity (+2).
   rPois:     It protects you from poison.
   Rampage:   It bestows one free step when moving towards enemies.
   Stlth-:    It makes you less stealthy.
 N - a +2 pair of gloves of hurling (worn)
 S - the +2 cloak "Terradghy" {^Drain rElec Slay+2}
   (You bought it in a shop on level 4 of the Vaults)

   Slay+2:    It affects your accuracy & damage with ranged weapons and melee
   (+2).
   rElec:     It insulates you from electricity.
   ^Drain:    It drains your maximum health when unequipped.
Magical Staves
 e - the staff of Dagoeg (weapon) {rF+ rC+ rN+ Str+3 Clar Summ Fire}
   (You bought it in a shop on level 14 of the Dungeon)

   [staff of fire]

   Base accuracy: +5 Base damage: 5 Base attack delay: 1.2 This weapon's minimum
   attack delay (0.6) is reached at skill level 12.
   Str+3:     It affects your strength (+3).
   rF+:       It protects you from fire.
   rC+:       It protects you from cold.
   rN+:       It protects you from negative energy.
   Clar:      It protects you from confusion, rage, mesmerisation and fear.
   Summ:      It increases the power of your Summonings spells.
   Fire:      It increases the power of your Fire spells.
   It falls into the 'Staves' category.
   It is a one-handed weapon.
Jewellery
 g - the ring "Ore Loul" (right hand) {rF+ Will+ rCorr Int-2 SInv}
   (You took it off a deep elf death mage on level 3 of the Elven Halls)

   [ring of protection from fire]

   Int-2:     It affects your intelligence (-2).
   rF+:       It protects you from fire.
   Will+:     It increases your willpower.
   SInv:      It lets you see invisible.
   rCorr:     It protects you from acid and corrosion.
 j - the ring of Mistrust {Fly rC++ MP-9 Str+2 Dex+6}
   (You took it off a deep elf demonologist on level 3 of the Elven Halls)

   [ring of dexterity]

   Str+2:     It affects your strength (+2).
   Dex+6:     It affects your dexterity (+6).
   rC++:      It greatly protects you from cold.
   MP-9:      It affects your magic capacity (-9).
   Fly:       It grants you flight.
 o - a +6 ring of intelligence (left hand)
 r - a ring of ice
 J - a +6 ring of dexterity
 Q - a ring of willpower
 U - a +4 ring of protection
 V - an amulet of regeneration (around neck)
Wands
 a - a wand of charming (15)
 v - a wand of digging (9)
 O - a wand of mindburst (15)
Scrolls
 l - 8 scrolls of enchant armour
 p - 8 scrolls of vulnerability {!r}
 A - 3 scrolls of immolation
 G - 8 scrolls of teleportation {@r3}
 K - 4 scrolls of fear
 M - 3 scrolls of revelation {@r5}
 T - 3 scrolls of torment
 X - 5 scrolls of enchant weapon
 Y - 9 scrolls of blinking {@r4}
Potions
 d - a potion of magic
 f - 10 potions of curing {@q2}
 k - 3 potions of heal wounds {@q1}
 m - 3 potions of resistance
 q - a potion of cancellation
 y - 2 potions of brilliance
 D - 9 potions of lignification
 E - 14 potions of might {@q3}
 F - 7 potions of haste {@q5}
 I - a potion of invisibility
 W - 7 potions of mutation
 Z - 9 potions of enlightenment
Miscellaneous
 B - a tin of tremorstones (1/2)
 C - a sack of spiders
 H - a phial of floods
 R - a lightning rod (4/4)


   Skills:
 - Level 17.0 Fighting
 - Level 4.0 Short Blades
 - Level 6.0 Staves
 - Level 2.0 Throwing
 - Level 4.4 Armour
 - Level 18.0 Dodging
 - Level 4.0 Stealth
 - Level 10.0 Shields
 + Level 19.0 Spellcasting
 - Level 25.0 Conjurations
 - Level 6.0 Translocations
 - Level 12.0 Fire Magic
 - Level 25.0 Air Magic
 - Level 6.0 Earth Magic
 - Level 1.7 Alchemy
 - Level 14.0 Invocations
 - Level 14.0 Evocations


You had 16 spell levels left.
You knew the following spells:

 Your Spells              Type           Power      Damage    Failure   Level
a - Arcjolt               Conj/Air       49%        1d59      0%          5
b - Chain Lightning       Conj/Air       49%        3d66      9%          9
c - Orb of Destruction    Conj           49%        9d13      1%          7
e - Blink                 Tloc           100%       N/A       1%          2
f - Freezing Cloud        Conj/Ice/Air   41%        6-21      1%          5
j - Apportation           Tloc           100%       N/A       1%          1
l - Stone Arrow           Conj/Erth      100%       3d13      0%          3
p - Plasma Beam           Fire/Air       54%        2x1d69    1%          6
r - Summon Lightning Spi  Summ/Air       92%        N/A       1%          4
z - Bombard               Conj/Erth      39%        9d7       1%          6

Your spell library contained the following spells:

 Spells                   Type           Power      Damage    Failure   Level
 Foxfire                  Conj/Fire      100%       2x1d9     0%          1
 Kiss of Death            Conj/Necr      100%       2d13      0%          1
 Magic Dart               Conj           100%       1d8       0%          1
 Sting                    Conj/Alch      100%       1d9       0%          1
 Momentum Strike          Conj/Tloc      100%       3d10      0%          2
 Static Discharge         Conj/Air       100%       3-8/arc   0%          2
 Mephitic Cloud           Conj/Alch/Air  83%        N/A       0%          3
 Swiftness                Air            99%        N/A       0%          3
 Airstrike                Air            49%        2d(8-24)  0%          4
 Flame Wave               Conj/Fire      100%       2d21      0%          4
 Iskenderun's Battlesphe  Conj           99%        2d15      0%          5
 Sandblast                Erth           100%       2d20      1%          1
 Cigotuvi's Dreadful Rot  Necr/Alch/Air  100%       N/A       1%          2
 Lesser Beckoning         Tloc           100%       N/A       1%          2
 Scorch                   Fire           100%       2d9       1%          2
 Hailstorm                Conj/Ice       72%        3d13      1%          3
 Inner Flame              Hex/Fire       69%        N/A       1%          3
 Passwall                 Erth           52%        N/A       1%          3
 Teleport Other           Tloc           52%        N/A       1%          3
 Volatile Blastmotes      Fire/Tloc      100%       2d18      1%          3
 Brom's Barrelling Bould  Conj/Erth      79%        2d9       1%          4
 Fulminant Prism          Conj/Alch      37%        3d17      1%          4
 Iskenderun's Mystic Bla  Conj/Tloc      79%        2d16      1%          4
 Passage of Golubria      Tloc           52%        N/A       1%          4
 Sticky Flame             Fire/Alch      72%        2d12      1%          4
 Summon Blazeheart Golem  Fire/Summ      88%        N/A       1%          4
 Vhi's Electric Charge    Tloc/Air       100%       N/A       1%          4
 Irradiate                Conj/Alch      37%        3d24      1%          5
 Silence                  Hex/Air        36%        N/A       1%          5
 Starburst                Conj/Fire      54%        6d15      1%          6
 Necrotise                Necr           92%        1d8       2%          1
 Summon Small Mammal      Summ           100%       N/A       2%          1
 Call Imp                 Summ           70%        N/A       3%          2
 Ensorcelled Hibernation  Hex/Ice        46%        N/A       3%          2
 Jinxbite                 Hex            46%        N/A       3%          2
 Leda's Liquefaction      Alch/Erth      21%        N/A       4%          4
 Lee's Rapid Deconstruct  Erth           26%        3d14*     5%          5
 Call Canine Familiar     Summ           35%        N/A       7%          3
 Frozen Ramparts          Ice            46%        1d7       7%          3
 Fugue of the Fallen      Necr           23%        N/A       7%          3
 Ozocubu's Armour         Ice            23%        N/A       7%          3
 Sigil of Binding         Hex            23%        N/A       7%          3
 Summon Ice Beast         Ice/Summ       35%        N/A       7%          3
 Vampiric Draining        Necr           23%        2d7       7%          3
 Animate Armour           Summ/Erth      100%       N/A       7%          4
 Dimensional Bullseye     Hex/Tloc       19%        N/A       7%          4
 Spellforged Servitor     Conj/Summ      46%        N/A       12%         7
 Borgnjor's Vile Clutch   Necr/Erth      19%        N/A       19%         5
 Summon Forest            Summ/Tloc      27%        N/A       19%         5
 Dispel Undead            Necr           23%        3d12      22%         4
 Martyr's Knell           Necr/Summ      35%        N/A       22%         4
 Lehudib's Crystal Spear  Conj/Erth      39%        10d10     26%         8
 Alistair's Intoxication  Alch           21%        N/A       30%         5
 Metabolic Englaciation   Hex/Ice        11%        N/A       54%         5
 Permafrost Eruption      Ice/Erth       19%        2x4d6     71%         6
 Ignition                 Fire           45%        3d13      73%         8
 Fire Storm               Conj/Fire      54%        8d14      75%         9
 Eringya's Noxious Bog    Alch           16%        4d6       86%         6
 Sculpt Simulacrum        Ice/Alch       14%        N/A       94%         6
 Death Channel            Necr           11%        N/A       98%         6
 Summon Cactus Giant      Summ           17%        N/A       98%         6
 Ozocubu's Refrigeration  Ice            11%        4d10      100%        7
 Summon Hydra             Summ           17%        N/A       100%        7
 Borgnjor's Revivificati  Necr           11%        N/A       100%        8
 Discord                  Hex            11%        N/A       100%        8
 Polar Vortex             Ice            11%        12d1*     100%        9
 Shatter                  Erth           26%        3d22*     100%        9


Dungeon Overview and Level Annotations

Branches:
Dungeon (15/15)            Temple (0/1) D:4            Lair (5/5) D:8
  Swamp (4/4) Lair:2        Snake (4/4) Lair:3        Slime (5/5) Lair:4
    Orc (2/2) D:10            Elf (3/3) Orc:2        Vaults (5/5) D:14
  Crypt (2/3) Vaults:2     Depths (4/4) D:15            Zot (5/5) Depths:4
 WizLab (visited)

Altars:
Ashenzari
Cheibriados
Dithmenos
Elyvilon
Gozag
Makhleb
Nemelex Xobeh
Okawaru
Qazlal
Ru
Sif Muna
Vehumet
Xom
Yredelemnul
The Shining One
Beogh
Lugonu

Shops:
D:7 [(*?:   D:8 ?   D:9 (   D:10 (   D:14 ?*   Orc:2 ?*(*(   Vaults:2 !
Vaults:3 (   Vaults:4 [

Portals:
Hell: Depths:1 Depths:2 Depths:3 Depths:4
Abyss: Lair:5 Depths:2 Depths:3 Depths:4
Pandemonium: Depths:2
Ziggurat: Depths:1

Annotations:
D:2 exclusion: ribbon worm
D:4 exclusion: downstairs
D:11 1 runed translucent door
D:12 exclusion: downstairs
Lair:3 2 transporters, exclusion: oklob plant
Lair:5 ABYSS
Swamp:1 exclusion: 2 downstairs
Swamp:3 exclusion: 2 downstairs
Snake:3 exclusion: 2 downstairs
Slime:4 1 exclusion
Orc:1 3 runed translucent doors, GrimJard's ghost, journeyman DjCj; Konar's ghost, journeyman CoHu
Vaults:1 1 runed translucent door, exclusion: door, Fauhuump's ghost, adept TeAE
Vaults:3 exclusion: downstairs
Crypt:1 exclusion: downstairs
Crypt:2 Vv
Depths:2 exclusion: downstairs
Depths:3 3 runed translucent doors
Zot:1 Josephina
Zot:4 Jafujy's ghost, legendary MiAK


Innate Abilities, Weirdness & Mutations

You have a beak for a mouth.
You have claws for feet.
Your magical flight helps you evade attacks. (EV +4)
You can magically evade attacks while moving or waiting.
You sometimes lose your temper in combat.
Your flesh is cold resistant. (rC+)
Your magical capacity is low. (-10% MP)
You are strong-willed. (Will+)
Your health recovers twice as slowly from being drained.


Message History

There is a stone staircase leading down here.
There is a stone staircase leading up here.
You fly upwards.
There is a stone staircase leading down here.
There is a stone staircase leading up here.
You fly upwards.
Level annotation: exclusion: downstairs
There is a stone staircase leading down here.
Items here: )) [ ÷.
There is a stone staircase leading up here.
You fly upwards.
There is a stone staircase leading down here.
There is a stone staircase leading up here.
You fly upwards.
Level annotation: exclusion: ribbon worm
There is a stone staircase leading down here.
You see here a bat skeleton.
A lorocyproca comes into view.
You feel a surge of power!
The bolt of lightning hits the lorocyproca.
The lorocyproca resists.
The lorocyproca is lightly wounded.
The fiery plasma hits the lorocyproca!!
The lorocyproca resists.
The lorocyproca is heavily wounded.
Casting: Plasma Beam (mildly dangerous; 1% risk of failure)
Confirm with . or Enter, or press ? or * to list all spells.
Aiming: Orb of Destruction (mildly dangerous; 1% risk of failure)
Press: ? - help, Shift-Dir - straight line, f - lorocyproca
Aim: a lorocyproca (heavily wounded, slightly transparent)
The wavering orb of destruction hits the lorocyproca!!!
You blow up the lorocyproca!
Makhleb accepts your kill.
You see here a +0 broad axe.
There is a stone staircase leading up here.
You fly upwards.
There is a stone staircase leading down here.
Magic restored.
There is a staircase leading out of the dungeon here.
Unknown command.
You have escaped!

.......#.##.#....P..# #######.#
.#####.#.#....P#~#P.# #......# ##
##....##.##~##.# #.###### #
##.#.#..~~~~~.#####.#######
#.#.#..##~##....#........#
########.#.#..P#~#P..#.#..#####.#
.........#.#...P.P..##.#..# #.#
##########.#..........#...# #.#
#......@....###..# #.#
###..........#.#.# #.#
############...P.P...#.##.# #.#
..............P#~#P..#.##÷# #.#
############..##~##..#.##.# #.#
#..~~~~~....##.# #.#
##.##~##.#####.# #.# #.P#~#P.#
#.# #.# #..P....# #.# #.#


There were no monsters in sight!

Vanquished Creatures
  the Royal Jelly (Slime:5)
  2 orbs of fire (Zot:5)
  2 ancient liches
  Mara (Vaults:4)
  A juggernaut (Depths:3)
  Sojobo (Vaults:2)
  Boris (twice) (Depths:3 Vaults:2)
  9 Killer Klowns
  Vashnia (Snake:4)
  6 curse toes
  5 golden dragons
  Nikola (Snake:4)
  An iron giant (Zot:4)
  3 electric golems
  A walking crystal tome (Depths:3)
  11 tentacled monstrosities
  2 deep elf blademasters (Elf:2)
  4 liches
  3 titans (Vaults:5)
  22 Orb Guardians
  6 quicksilver dragons
  A walking divine tome (Depths:2)
  Gastronok (Lair:1)
  2 deep elf master archers (Elf:3)
  7 sphinxes
  19 acid blobs
  3 ancient champions
  A thorn hunter (Swamp:4)
  6 tengu reavers
  5 death cobs
  6 nagarajas
  8 shadow dragons
  9 storm dragons
  3 protean progenitors
  7 rockslimes
  3 revenants (Crypt:1)
  9 azure jellies
  3 iron dragons
  16 vault wardens
  5 deep elf sorcerers (Elf:3)
  4 draconian knights
  5 fire giants
  3 draconian shifters
  3 draconian monks
  8 frost giants
  A cacodemon (Depths:2)
  3 ghost moths
  A balrug (Depths:1)
  A spriggan defender (Depths:3)
  5 draconian annihilators
  9 deep elf elementalists
  3 orc warlords
  2 reapers
  4 draconian scorchers
  5 formless jellyfish
  14 ironbound preservers
  A caustic shrike skeleton (Depths:3)
  21 very ugly things
  14 stone giants
  3 ironbound thunderhulks
  6 ghouls
  7 quicksilver oozes
  6 green draconians
  6 black draconians
  7 war gargoyles
  5 deep elf annihilators
  9 red draconians
  3 vampire knights
  5 deep elf demonologists (Elf:3)
  A lorocyproca (D:2)
  13 dire elephants
  8 eleionomae
  4 deep elf death magi
  4 yellow draconians
  Azrael (D:13)
  2 bunyips (Swamp:1)
  4 purple draconians
  10 spark wasps
  9 white draconians
  3 eidola
  The ghost of NotYourErnst the Fighter, a journeyman VSWn of Hepliaklqana (Lair:5)
  7 fire dragons
  5 jiangshi
  11 ettins
  An entropy weaver (shapeshifter) (D:14)
  2 entropy weavers (Vaults:1)
  13 yaktaur captains
  A blizzard demon (Depths:1)
  3 deep elf high priests
  11 great orbs of eyes
  A shambling mangrove (Swamp:4)
  35 vault guards
  20 hydras
  2 sphinx zombies
  A merfolk impaler (Depths:2)
  Harold (D:11)
  7 ice dragons
  A hell beast (Depths:1)
  The ghost of inmateoo the Skirmisher, a journeyman CoHu of Okawaru (D:11)
  4 rakshasas
  A ghost crab (Swamp:3)
  3 peacekeepers
  3 spriggan air magi
  9 centaur warriors
  3 ogre magi
  A death knight (Vaults:2)
  5 ironbound frosthearts
  A fenstrider witch skeleton (Crypt:1)
  9 alligators
  27 dancing weapons
  12 anacondas
  2 catoblepae
  5 two-headed ogres
  7 deep troll earth magi
  3 deep troll shamans
  7 spriggan berserkers
  A spriggan skeleton (Crypt:1)
  7 death yaks
  4 tengu warriors
  2 vampire magi
  9 boulder beetles
  14 naga sharpshooters
  An occultist (D:14)
  13 naga warriors
  4 shock serpents
  2 soul eaters
  Amaemon (Lair:2)
  19 deep elf knights
  5 hell knights (Depths:4)
  3 shadow wraiths
  4 thrashing horrors (Lair:5)
  4 iron trolls
  A spectral anaconda (Crypt:1)
  2 skysharks (shapeshifter) (Depths:2)
  2 skysharks
  14 skeletal warriors
  14 goliath frogs
  2 arcanists
  4 mana vipers
  A spriggan druid (Swamp:1)
  A storm dragon skeleton (Depths:3)
  An orb spider (shapeshifter) (Elf:1)
  10 swamp dragons
  42 deep trolls
  A death drake (Swamp:4)
  A sun moth (shapeshifter) (Depths:3)
  5 flayed ghosts
  7 deep elf archers
  8 naga ritualists
  6 bog bodies
  4 harpies
  5 glowing orange brains
  5 phantasmal warriors
  4 thermic dynamos
  A shadow dragon zombie (Crypt:1)
  22 deep elf pyromancers
  23 ironbound convokers
  A large abomination (Lair:5)
  32 ugly things
  A wolf spider (D:11)
  A harpy (shapeshifter) (Vaults:5)
  12 orc knights
  7 salamanders
  14 deep elf zephyrmancers
  A mana viper (shapeshifter) (Depths:3)
  A fire giant zombie (Depths:1)
  A glowing shapeshifter (Vaults:5)
  5 necromancers
  3 will-o-the-wisps
  3 shining eyes
  A manticore (shapeshifter) (Vaults:5)
  10 moths of wrath
  An oklob plant (Lair:4)
  6 cyclopes
  2 manticores (D:15)
  A fire giant skeleton (Depths:1)
  An iron dragon skeleton (Crypt:1)
  5 guardian serpents
  A moth of wrath (shapeshifter) (Lair:5)
  4 kobold blastminers (Orc:2)
  2 guardian serpents (shapeshifter)
  10 elephants
  20 vault sentinels
  An eye of devastation (Slime:4)
  11 naga magi
  A mana viper zombie (Crypt:1)
  A water nymph (shapeshifter) (Vaults:5)
  26 black mambas
  10 cane toads
  A storm dragon simulacrum (Crypt:1)
  4 centaur skeletons (D:14)
  5 smoke demons
  An elephant slug zombie (Crypt:1)
  An eye of devastation (shapeshifter) (Vaults:5)
  2 torpor snails (shapeshifter)
  A gargoyle (D:13)
  An orange demon (Lair:2)
  2 cane toads (shapeshifter)
  A hellion (Depths:2)
  3 torpor snails (Zot:2)
  An alligator snapping turtle skeleton (Crypt:1)
  39 yaktaurs
  3 rime drakes
  5 komodo dragons
  4 freezing wraiths
  6 tengu conjurers
  3 bloated husks
  8 trolls
  2 harpy zombies (Crypt:1)
  17 hornets
  A hornet (shapeshifter) (D:14)
  A polar bear (shapeshifter) (Vaults:5)
  An ice dragon zombie (Crypt:1)
  A tarantella (shapeshifter) (Lair:5)
  A blink frog (shapeshifter) (D:14)
  6 tyrant leeches
  A raiju (Lair:5)
  5 glass eyes
  A harpy skeleton (Crypt:1)
  2 spriggan zombies
  14 dream sheep
  17 blink frogs
  100 slime creatures
  A centaur simulacrum (D:14)
  A culicivora (Vaults:1)
  2 shadows
  A frost giant simulacrum (Depths:3)
  12 spriggans
  2 ynoxinuls (Lair:5)
  An air elemental (Elf:1)
  5 vampires
  13 small abominations (Lair:5)
  15 wraiths
  10 wyverns
  4 water elementals
  2 fire bats (D:8)
  A slime creature zombie (Crypt:1)
  3 wargs (Orc:2)
  31 yaks
  7 redbacks
  10 basilisks
  23 vampire mosquitoes
  2 fire elementals
  A steam dragon (D:9)
  9 golden eyes (Slime:3)
  A spriggan simulacrum (Depths:1)
  16 swamp worms
  2 acid dragons
  32 nagas
  22 water moccasins
  5 hell hounds (D:13)
  A two-headed ogre skeleton (Crypt:1)
  A glowing shapeshifter skeleton (Crypt:1)
  11 swamp drakes
  A black bear (D:8)
  38 orc warriors
  A sky beast (D:6)
  A black mamba simulacrum (Crypt:1)
  6 wolves (Lair:5)
  4 boggarts
  9 laughing skulls
  16 ogres
  21 centaurs
  2 phantoms
  3 kobold brigands
  10 bullfrogs
  A gnoll sergeant (D:12)
  5 earth elementals
  3 scorpions
  2 wights (D:7)
  14 killer bees
  A yak skeleton (Crypt:2)
  4 howler monkeys
  3 electric eels (D:3)
  11 jellies (Lair:4)
  7 hounds
  2 bombardier beetles
  14 orc priests
  2 gnoll boudas
  An iguana (D:5)
  18 orc wizards
  2 sleepcaps (D:7)
  A naga zombie (Crypt:1)
  Robin (D:2)
  16 gnolls
  7 adders
  A river rat (Lair:3)
  A shadow imp (D:6)
  2 ufetubi (D:7)
  2 ribbon worms
  4 dart slugs
  79 orcs
  20 endoplasms
  5 giant cockroaches (D:1)
  9 goblins
  6 hobgoblins
  4 quokkas
  4 ball pythons
  A ball python skeleton (Crypt:1)
  12 bats
  4 frilled lizards
  22 kobolds
  2 rats
2036 creatures vanquished.

Vanquished Creatures (collateral kills)
  An orb of fire (Zot:5)
  2 Killer Klowns
  An electric golem (Zot:4)
  4 Orb Guardians (Zot:5)
  A quicksilver dragon (Zot:5)
  2 tentacled monstrosities (Zot:2)
  A death cob (Zot:2)
  A shadow dragon (Vaults:5)
  A tengu reaver (Vaults:5)
  A fenstrider witch (Swamp:4)
  A storm dragon (Vaults:5)
  A fire giant (Vaults:5)
  A vault warden (Vaults:3)
  A frost giant (Vaults:5)
  A draconian stormcaller (Zot:5)
  4 stone giants (Vaults:5)
  A very ugly thing (Vaults:5)
  3 ironbound preservers
  2 black draconians
  2 green draconians
  2 red draconians (Zot:2)
  A white draconian (Zot:2)
  A yellow draconian (Zot:2)
  A dire elephant (Vaults:4)
  2 war gargoyles
  A bunyip (Swamp:1)
  2 spark wasps (Depths:3)
  An ettin (Depths:3)
  A merfolk javelineer (Depths:2)
  9 vault guards
  2 yaktaur captains (Vaults:3)
  3 hydras
  Erolcha (Orc:1)
  A spriggan air mage (Depths:3)
  An alligator (Swamp:4)
  An ironbound frostheart (Vaults:3)
  A deep troll shaman (Depths:3)
  A deep troll earth mage (Vaults:5)
  2 mana vipers
  8 deep trolls
  2 swamp dragons (Swamp:1)
  2 bog bodies (Swamp:1)
  An ironbound convoker (Vaults:5)
  A phantasmal warrior (Vaults:5)
  5 ugly things
  A salamander (Snake:1)
  2 will-o-the-wisps (Swamp:1)
  2 moths of wrath
  A cyclops (Orc:1)
  6 vault sentinels
  2 slime creatures (Vaults:3)
  A black mamba (Snake:1)
  A cane toad (Lair:3)
  A freezing wraith (Vaults:5)
  A yaktaur (Vaults:3)
  A komodo dragon (Lair:3)
  2 tyrant leeches (Swamp:1)
  2 hornets (Swamp:1)
  A dream sheep (Lair:4)
  An air elemental (Elf:3)
  A fire elemental (D:13)
  A wyvern (Lair:4)
  3 spriggans
  3 yaks (Lair:4)
  A redback (D:11)
  3 nagas
  2 water moccasins (Lair:3)
  A swamp worm (Swamp:1)
  An orc warrior (Orc:1)
  A bullfrog (Lair:1)
  6 killer bees
  2 orc priests (Orc:1)
  An orc wizard (Orc:1)
  2 orcs
  2 foxfires (D:4)
140 creatures vanquished.

Vanquished Creatures (others)
  2 vault wardens (Vaults:3)
  A black draconian (Zot:2)
  A green draconian (Zot:2)
  A vault guard (Vaults:5)
  An ice dragon (Depths:2)
  A deep troll earth mage (Depths:3)
  Sonja (Lair:3)
  A death drake (Swamp:4)
  An ironbound convoker (Vaults:5)
  A deep elf zephyrmancer (Elf:3)
  A wolf spider (D:11)
  A black mamba (Lair:3)
  A yaktaur (Vaults:3)
  3 bloated husks
  A tyrant leech (Swamp:1)
  A hornet (D:11)
  A wyvern (Lair:1)
  3 redbacks (D:11)
  2 water moccasins (D:11)
  A hell hound (D:13)
  2 wights (D:7)
  2 killer bees
  401 foxfires
431 creatures vanquished.

Grand Total: 2607 creatures vanquished

Notes
Turn   | Place    | Note
-------+----------+-------------------------------------------
     0 | D:1      | Sergey the Tengu Wanderer began the quest for the Orb.
     0 | D:1      | Sergey set off with the following items: a +0 dagger, 2
                  | atropa-tipped darts, 2 datura-tipped darts, a +0 buckler, a
                  | potion of berserk rage, a +0 leather armour; and the
                  | following spell memorised: Sting; and the following spells
                  | available to memorise: Mephitic Cloud.
     0 | D:1      | Reached XP level 1. HP: 12/12 MP: 3/3
   110 | D:1      | Reached skill level 1 in Conjurations
   551 | D:1      | Found a faded altar of an unknown god.
   562 | D:1      | Prayed at the altar of an unknown god.
   562 | D:1      | Became a worshipper of Makhleb the Destroyer
   562 | D:1      | Reached * piety under Makhleb
   646 | D:1      | Reached XP level 2. HP: 17/17 MP: 2/4
  1442 | D:1      | Reached XP level 3. HP: 21/21 MP: 2/6
  2013 | D:1      | Found a burning altar of Makhleb.
  2460 | D:2      | Noticed Robin
  3553 | D:2      | Killed Robin
  3562 | D:2      | Reached XP level 4. HP: 26/26 MP: 2/8
  3573 | D:2      | Reached skill level 1 in Short Blades
  4927 | D:3      | Found a transporter.
  4938 | D:3      | Found a transporter.
  6655 | D:4      | Learned a level 1 spell: Foxfire
  6757 | D:4      | Found a basalt altar of Yredelemnul.
  7034 | D:4      | Reached skill level 1 in Fire Magic
  7093 | D:4      | Noticed an ogre
  7124 | D:4      | Reached XP level 5. HP: 30/30 MP: 5/9
  7626 | D:4      | Found a staircase to the Ecumenical Temple.
  8143 | D:5      | Entered Level 5 of the Dungeon
  8146 | D:5      | Noticed a phantom
  8419 | D:5      | Found a white marble altar of Elyvilon.
  8620 | D:4      | Killed a phantom
  8620 | D:4      | Reached ** piety under Makhleb
  8621 | D:4      | Reached XP level 6. HP: 37/37 MP: 9/11
  8877 | D:5      | Reached skill level 1 in Dodging
  9173 | D:5      | Gained mutation: Your magical flight helps you evade
                  | attacks. (EV +4) [Tengu growth]
  9173 | D:5      | Reached XP level 7. HP: 40/43 MP: 2/12
  9429 | D:5      | Found a snail-covered altar of Cheibriados.
  9857 | D:4      | Reached skill level 1 in Throwing
 10238 | D:6      | Reached XP level 8. HP: 48/48 MP: 5/13
 10806 | D:6      | Found a stormy altar of Qazlal.
 11184 | D:6      | Reached skill level 5 in Fighting
 11320 | D:6      | Learned a level 1 spell: Apportation
 11371 | D:7      | Found Qargh's Antique Armour Boutique.
 11436 | D:7      | Noticed a walking divine tome
 11444 | D:7      | Found Mompoux's Book Boutique.
 11478 | D:7      | Reached skill level 1 in Invocations
 11534 | D:7      | Noticed a walking crystal tome
 11542 | D:7      | Bought a book of Geomancy for 242 gold pieces
 11546 | D:7      | Learned a level 3 spell: Stone Arrow
 11639 | D:7      | Reached skill level 1 in Earth Magic
 11792 | D:7      | Found an opulent altar of Gozag.
 11822 | D:7      | Reached skill level 5 in Conjurations
 11871 | D:7      | Found Oqawki Cate's Magic Scroll Emporium.
 11879 | D:7      | Bought a scroll of identify for 26 gold pieces
 11879 | D:7      | Bought a scroll of identify for 26 gold pieces
 11879 | D:7      | Bought a scroll of teleportation for 39 gold pieces
 11879 | D:7      | Bought a scroll of identify for 26 gold pieces
 11879 | D:7      | Bought a scroll of identify for 26 gold pieces
 11879 | D:7      | Identified a scroll of acquirement
 11913 | D:7      | Acquired the +4 cloak "Onegits" {Rampage rPois Dex+2
                  | Stlth-}
 12102 | D:7      | Reached XP level 9. HP: 54/54 MP: 14/14
 12616 | D:7      | Reached *** piety under Makhleb
 12813 | D:7      | Found Yrripp's General Store.
 13031 | D:7      | Found Mappen's Weapon Shoppe.
 13112 | D:8      | Found Irosic's Magic Scroll Shop.
 13143 | D:8      | Noticed a troll
 13148 | D:8      | Killed a troll
 13310 | D:8      | Found a runed translucent door.
 13337 | D:8      | Noticed an elephant
 13356 | D:8      | Killed an elephant
 13403 | D:8      | Noticed a komodo dragon
 13415 | D:8      | Killed a komodo dragon
 13416 | D:8      | Reached skill level 5 in Spellcasting
 13436 | D:8      | Reached skill level 5 in Invocations
 13665 | D:8      | Reached XP level 10. HP: 58/59 MP: 9/18
 13883 | D:8      | Found a staircase to the Lair.
 14724 | D:9      | Found Gytich's Antique Weapon Shop.
 15204 | D:9      | Reached skill level 5 in Dodging
 15455 | D:9      | Noticed a centaur warrior
 15709 | D:9      | Found a faded altar of an unknown god.
 15709 | D:9      | Found a shimmering blue altar of Sif Muna.
 15783 | D:9      | Found a radiant altar of Vehumet.
 15785 | D:9      | Found a faded altar of an unknown god.
 15786 | D:9      | Found a glowing golden altar of the Shining One.
 15870 | D:10     | Entered Level 10 of the Dungeon
 15888 | D:10     | Reached **** piety under Makhleb
 16154 | D:10     | Learned a level 3 spell: Mephitic Cloud
 16289 | D:10     | Reached skill level 1 in Air Magic
 16289 | D:10     | Reached XP level 11. HP: 45/64 MP: 1/20
 16415 | D:10     | Found Viaruora's Antique Weapon Emporium.
 16640 | D:7      | Bought a scroll of identify for 28 gold pieces
 16640 | D:7      | Bought a scroll of identify for 28 gold pieces
 17124 | D:10     | Found a staircase to the Orcish Mines.
 17557 | Lair:1   | Entered Level 1 of the Lair of Beasts
 17667 | Lair:1   | Noticed a catoblepas
 17685 | Lair:1   | Killed a catoblepas
 17941 | Lair:1   | Reached skill level 5 in Air Magic
 18176 | Lair:1   | Noticed Gastronok
 19435 | Lair:1   | Killed Gastronok
 19688 | Lair:2   | Found a staircase to the Swamp.
 19688 | Lair:2   | Noticed a swamp dragon
 19755 | Lair:2   | Noticed Amaemon
 19894 | Lair:2   | Killed Amaemon
 19999 | Lair:2   | Killed a swamp dragon
 20000 | Lair:2   | Reached XP level 12. HP: 67/72 MP: 0/23
 21164 | Lair:3   | Noticed a boulder beetle
 21181 | Lair:3   | Killed a boulder beetle
 21252 | Lair:3   | Noticed a catoblepas
 21255 | Lair:3   | Noticed Sonja
 21268 | Lair:3   | Your ally Sonja died
 21274 | Lair:3   | Killed a catoblepas
 21315 | Lair:3   | Found a transporter.
 21335 | Lair:3   | You are sucked into a shaft and drop 2 floors!
 21335 | Lair:5   | Entered Level 5 of the Lair of Beasts
 21450 | Lair:4   | Found a staircase to the Slime Pits.
 21499 | Lair:4   | Reached skill level 10 in Spellcasting
 21638 | Lair:4   | Reached ***** piety under Makhleb
 21776 | Lair:4   | Reached skill level 5 in Fire Magic
 21997 | Lair:4   | Reached XP level 13. HP: 78/78 MP: 6/28
 22508 | Lair:4   | Reached skill level 5 in Evocations
 23341 | Lair:5   | Noticed NotYourErnst's ghost (journeyman VSWn)
 23908 | Lair:3   | Found a staircase to the Snake Pit.
 24038 | Lair:3   | Reached skill level 10 in Fighting
 24187 | Lair:3   | Found a transporter.
 24430 | D:7      | Bought a book of Lightning for 396 gold pieces
 24436 | D:7      | Learned a level 5 spell: Arcjolt
 24778 | D:8      | Found a snail-covered altar of Cheibriados.
 24885 | D:8      | Found a burning altar of Makhleb.
 24894 | D:8      | Found a shadowy altar of Dithmenos.
 24999 | D:8      | Found a white marble altar of Elyvilon.
 25325 | D:8      | Found a sacrificial altar of Ru.
 25493 | D:8      | Found a shimmering blue altar of Sif Muna.
 25680 | D:11     | Found a runed translucent gate.
 25681 | D:11     | Found a runed translucent door.
 25690 | D:11     | Found a runed translucent gate.
 25690 | D:11     | Found a runed translucent gate.
 25700 | D:11     | Found a runed translucent door.
 25710 | D:11     | Found the +9 staff of Olgreb {rPois∞}
 25828 | D:11     | Noticed inmateoo's ghost (journeyman CoHu)
 25832 | D:11     | Found a runed translucent door.
 26254 | D:11     | Reached XP level 14. HP: 88/88 MP: 5/30
 26408 | D:11     | Noticed Harold
 26418 | D:11     | Killed Harold
 26739 | D:11     | Reached skill level 10 in Conjurations
 27188 | D:11     | Paralysed by a hornet for 1 turns
 28485 | Lair:4   | Found a staircase to the Slime Pits.
 29361 | Lair:5   | Reached skill level 10 in Air Magic
 29495 | Lair:5   | Found a runed translucent gate.
 29944 | Lair:5   | Found a runed translucent gate.
 29944 | Lair:5   | Found a runed translucent gate.
 32065 | Orc:1    | Entered Level 1 of the Orcish Mines
 32065 | Orc:1    | Noticed Erolcha
 32233 | Orc:1    | Killed Erolcha
 32686 | Orc:1    | Found a runed translucent gate.
 32686 | Orc:1    | Found a runed translucent gate.
 32690 | Orc:1    | Found a runed translucent gate.
 32694 | Orc:1    | Noticed GrimJard's ghost (journeyman DjCj)
 32694 | Orc:1    | Noticed Konar's ghost (journeyman CoHu)
 32799 | Orc:2    | Entered Level 2 of the Orcish Mines
 33255 | Orc:2    | Found a staircase to the Elven Halls.
 33749 | Orc:2    | Found Fuacees's Magic Scroll Emporium.
 33901 | Orc:2    | Reached ****** piety under Makhleb
 34507 | Orc:2    | Found Wagyuv's Assorted Antiques.
 34508 | Orc:2    | Found Ydab's Assorted Antiques.
 34508 | Orc:2    | Found Wummeur's Antique Weapon Shop.
 34653 | Orc:2    | Found Guqof's Weapon Emporium.
 34660 | Orc:2    | Bought a potion of heal wounds for 130 gold pieces
 34942 | Orc:2    | Bought a scroll of summoning for 351 gold pieces
 34942 | Orc:2    | Bought a scroll of revelation for 277 gold pieces
 34942 | Orc:2    | Bought a faintly glowing short sword for 296 gold pieces
 34942 | Orc:2    | Identified the +4 short sword of Jeykaq {freeze, rF++ Int+2
                  | Dex-5 SInv} (You bought it in a shop on level 2 of the
                  | Orcish Mines)
 35105 | D:12     | Learned a level 6 spell: Plasma Beam
 35319 | D:13     | Reached XP level 15. HP: 84/92 MP: 4/32
 35738 | D:13     | Found a roughly hewn altar of Beogh.
 36333 | D:13     | Noticed Azrael
 37797 | D:14     | Found Ejyddiento's Clear Minds Boutique.
 37852 | D:14     | Found Katau's Magic Scroll Shop.
 37867 | D:14     | Bought a scroll of enchant armour for 142 gold pieces
 38058 | D:14     | Found an iron altar of Okawaru.
 38290 | D:14     | Reached skill level 10 in Fire Magic
 39946 | D:14     | Found a gate to the Vaults.
 40164 | D:15     | Entered Level 15 of the Dungeon
 40285 | D:15     | Identified the +1 ring mail of Jiyrihis {rPois rF- rN+
                  | Str+2 Int+3}
 40697 | D:15     | Reached skill level 10 in Dodging
 41592 | D:15     | Found a staircase to the Depths.
 41964 | Snake:1  | Entered Level 1 of the Snake Pit
 42399 | Swamp:1  | Entered Level 1 of the Swamp
 42639 | Swamp:1  | Reached XP level 16. HP: 85/98 MP: 0/34
 44752 | D:7      | Bought a potion of brilliance for 56 gold pieces
 46284 | Orc:2    | Bought a potion of curing for 78 gold pieces
 48444 | Snake:2  | Noticed a nagaraja
 48665 | Snake:2  | Killed a nagaraja
 49553 | Snake:3  | Reached skill level 5 in Shields
 51358 | Snake:3  | Reached XP level 17. HP: 103/103 MP: 18/36
 51653 | Snake:4  | Entered Level 4 of the Snake Pit
 51666 | Snake:4  | Identified the +0 glaive of Armageddon {antimagic, Will++
                  | Dex+2}
 51700 | Snake:4  | Noticed Nikola
 51968 | Elf:1    | Entered Level 1 of the Elven Halls
 53566 | D:11     | Killed inmateoo's ghost
 55203 | Snake:4  | Killed Nikola
 57404 | Snake:4  | Reached skill level 10 in Invocations
 57562 | Snake:4  | Noticed Vashnia
 59167 | Snake:4  | Killed Vashnia
 59338 | Snake:4  | Found an iron altar of Okawaru.
 59350 | Snake:4  | Got a serpentine rune of Zot
 59692 | Vaults:1 | Entered Level 1 of the Vaults
 59906 | D:14     | Learned a level 7 spell: Orb of Destruction
 60984 | Swamp:2  | Reached XP level 18. HP: 112/112 MP: 18/37
 62274 | Swamp:3  | Reached skill level 1 in Armour
 64311 | Swamp:4  | Entered Level 4 of the Swamp
 64785 | Swamp:4  | Reached skill level 15 in Conjurations
 66890 | Swamp:4  | Got a decaying rune of Zot
 67426 | Elf:1    | Identified the +7 chain mail of the Fiend {Str+9 Int+3
                  | Dex-2 Stlth-}
 67441 | Elf:1    | Got Seedabo's Secrets of Outbursts
 68828 | D:14     | Bought the staff of Dagoeg {rF+ rC+ rN+ Str+3 Clar Summ
                  | Fire} for 1174 gold pieces
 69280 | Elf:2    | Found a runed translucent gate.
 69281 | Elf:2    | Found a runed translucent gate.
 69281 | Elf:2    | Found a runed translucent gate.
 69640 | Elf:3    | Entered Level 3 of the Elven Halls
 69813 | Elf:3    | Reached XP level 19. HP: 116/116 MP: 25/38
 69821 | Elf:2    | Learned a level 5 spell: Freezing Cloud
 70516 | Elf:3    | Reached skill level 15 in Spellcasting
 71990 | Elf:3    | Identified the +0 ring mail of Marbles {Dex+5}
 72670 | Elf:3    | Identified the ring of Mistrust {Fly rC++ MP-9 Str+2 Dex+6}
 73112 | Elf:3    | Identified the ring "Ore Loul" {rF+ Will+ rCorr Int-2 SInv}
 73801 | Elf:3    | Reached skill level 10 in Shields
 74773 | Elf:3    | Identified the +3 orcbow of the Skies Above {drain, rF- rN+
                  | Will+}
 75310 | D:13     | Found a roughly hewn altar of Beogh.
 75606 | D:13     | Killed Azrael
 78356 | Vaults:1 | Reached XP level 20. HP: 124/124 MP: 7/41
 79319 | Vaults:1 | Found a runed translucent door.
 79319 | Vaults:1 | Found a shimmering altar of Xom.
 79319 | Vaults:1 | Noticed Fauhuump's ghost (adept TeAE)
 81438 | Vaults:1 | Learned a level 4 spell: Summon Lightning Spire
 82452 | Vaults:2 | Found Myusuax's Distillery.
 82461 | Vaults:2 | Bought a potion of heal wounds for 110 gold pieces
 82461 | Vaults:2 | Bought a potion of magic for 176 gold pieces
 82500 | Vaults:2 | Reached skill level 15 in Dodging
 83710 | Vaults:2 | Noticed Sojobo
 83726 | Vaults:2 | Killed Sojobo
 84868 | Vaults:2 | Found a staircase to the Crypt.
 85723 | Vaults:3 | Reached XP level 21. HP: 132/132 MP: 13/43
 86995 | Vaults:3 | Identified the serpent talisman of Honesty {rF+ Dex+4}
 87069 | Vaults:3 | Reached skill level 15 in Fighting
 87856 | Vaults:3 | Found Puphis's Weapon Emporium.
 88627 | Vaults:4 | Noticed an ancient lich
 89899 | Vaults:4 | Killed an ancient lich
 90319 | Vaults:4 | Found the +9 sword of Power {lifebolt}
 90875 | Vaults:4 | Found Cibbil's Antique Armour Emporium.
 90879 | Vaults:4 | Bought an ancient cloak for 285 gold pieces
 90879 | Vaults:4 | Identified the +2 cloak "Terradghy" {^Drain rElec Slay+2}
                  | (You bought it in a shop on level 4 of the Vaults)
 91009 | Vaults:4 | Noticed Mara
 91668 | Vaults:4 | Identified the +11 chain mail "Acvun" {Int+3}
 92410 | Elf:2    | Reached XP level 22. HP: 124/125 MP: 17/44
 93451 | Elf:2    | Identified the blade talisman of Jouxtidwah {rElec rN++
                  | Dex-4 Stlth+}
 94024 | Orc:2    | Bought a scroll of teleportation for 39 gold pieces
 94211 | D:14     | Bought a scroll of revelation for 142 gold pieces
 94211 | D:14     | Bought a scroll of teleportation for 57 gold pieces
 94257 | Depths:1 | Entered Level 1 of the Depths
 94265 | Depths:1 | Learned a level 6 spell: Bombard
 95389 | Depths:1 | Found a broken altar of Ashenzari.
 95536 | Depths:1 | Found a one-way gateway to a ziggurat.
 95674 | Depths:1 | Reached skill level 5 in Earth Magic
 96467 | Depths:1 | Found a gateway to Hell.
 97952 | Depths:2 | Found a one-way gate leading to the halls of Pandemonium.
 98640 | Depths:2 | Noticed a golden dragon
 98655 | Depths:2 | Killed a golden dragon
 98980 | Depths:2 | Found a one-way gate to the infinite horrors of the Abyss.
 99288 | Depths:3 | Found a magical portal.
 99359 | Depths:3 | Found a flickering gateway to a bazaar.
 99365 | Bazaar   | Entered a bazaar
 99365 | Bazaar   | Found Ody Car's Assorted Antiques.
 99470 | Bazaar   | Found Difixuab's Antique Armour Boutique.
 99486 | Bazaar   | Found Buhaju's Assorted Antiques.
 99501 | Bazaar   | Found Qukkaru's Book Shoppe.
 99509 | Bazaar   | Bought the Monograph on the Fifth Circle for 432 gold
                  | pieces
 99522 | Bazaar   | Bought a scroll of blinking for 157 gold pieces
 99522 | Bazaar   | Bought a transparent robe for 119 gold pieces
 99522 | Bazaar   | Identified the +2 robe of Xuad {-Tele rF+ Dex+3} (You
                  | bought it in a shop in a bazaar)
 99541 | Bazaar   | Bought a scroll of blinking for 187 gold pieces
 99569 | WizLab   | Entered The Hall of the Hellbinder
 99788 | Depths:3 | Reached XP level 23. HP: 148/148 MP: 0/47
 99799 | Depths:3 | Identified the +2 robe of Noshis {Rampage rCorr}
 99799 | Depths:3 | Noticed Boris
101454 | Depths:3 | Found a runed translucent door.
101456 | Depths:3 | Noticed a golden dragon
101457 | Depths:3 | Found a runed translucent door.
101457 | Depths:3 | Found a runed translucent door.
102208 | Depths:3 | Noticed a juggernaut
102239 | Depths:3 | Killed a juggernaut
102304 | Depths:3 | Killed Boris
102772 | Depths:4 | Entered Level 4 of the Depths
103078 | Depths:4 | Noticed a golden dragon
103084 | Depths:4 | Killed a golden dragon
103312 | Depths:4 | Reached skill level 15 in Air Magic
104356 | Depths:4 | Found a sparkling altar of Nemelex Xobeh.
105170 | Depths:4 | Found a gate to the Realm of Zot.
106198 | Crypt:1  | Entered Level 1 of the Crypt
108110 | Crypt:1  | Identified the +2 robe of the Morning {rElec rF+}
108110 | Crypt:1  | Noticed Boris
108190 | Vaults:2 | Killed Boris
109369 | Crypt:1  | Reached XP level 24. HP: 151/156 MP: 30/47
110830 | Crypt:1  | Got the Codex of Misery
110905 | Crypt:2  | Reached skill level 1 in Staves
111185 | Crypt:2  | Noticed Vv
112050 | D:8      | Got Sif Muna's Elucidation of Excavation
112296 | Lair:5   | Killed NotYourErnst's ghost
114277 | Lair:5   | Found a corrupted altar of Lugonu.
114703 | Slime:1  | Entered Level 1 of the Pits of Slime
116463 | Slime:5  | Entered Level 5 of the Pits of Slime
117615 | Slime:4  | Reached skill level 5 in Staves
117987 | Slime:5  | Noticed the Royal Jelly
118011 | Slime:5  | Killed the Royal Jelly
118422 | Slime:5  | Gained mutation: You occasionally lose the ability to read
                  | scrolls when taking damage. [a shining eye]
118423 | Slime:5  | Gained mutation: You sometimes lose the ability to read
                  | scrolls when taking damage. [a shining eye]
120462 | Slime:5  | Identified the +5 halberd of the Changing Sybil {drain,
                  | rElec}
120477 | Slime:5  | Got Sif Muna's Volume of Relocated Jinxing
120522 | Slime:5  | Got a slimy rune of Zot
120550 | Slime:5  | Learned a level 9 spell: Chain Lightning
121233 | Zot:1    | Entered Level 1 of the Realm of Zot
121234 | Zot:1    | Identified the ring "Tyepom" {Ice rElec rN+ Int+3}
121234 | Zot:1    | Noticed Josephina
121424 | Depths:4 | Lost mutation: You sometimes lose the ability to read
                  | scrolls when taking damage. [potion of mutation]
121424 | Depths:4 | Lost mutation: You occasionally lose the ability to read
                  | scrolls when taking damage. [potion of mutation]
121424 | Depths:4 | Gained mutation: You occasionally lose the ability to read
                  | scrolls when taking damage. [potion of mutation]
121424 | Depths:4 | Gained mutation: You are partially covered in iridescent
                  | scales. (AC +2) [potion of mutation]
121425 | Depths:4 | Lost mutation: You occasionally lose the ability to read
                  | scrolls when taking damage. [potion of mutation]
121425 | Depths:4 | Lost mutation: You are partially covered in iridescent
                  | scales. (AC +2) [potion of mutation]
121425 | Depths:4 | Gained mutation: You occasionally lose the ability to drink
                  | potions when taking damage. [potion of mutation]
121425 | Depths:4 | Gained mutation: You are strong-willed. (Will+) [potion of
                  | mutation]
121425 | Depths:4 | Gained mutation: Your flesh is cold resistant. (rC+)
                  | [potion of mutation]
122748 | D:9      | Bought a fading falchion for 272 gold pieces
122748 | D:9      | Identified the +6 falchion "Gymigo" {drain, rElec rF+++ rN+
                  | Dex-3} (You bought it in a shop on level 9 of the Dungeon)
122812 | D:8      | Bought a scroll of identify for 30 gold pieces
122812 | D:8      | Bought a scroll of revelation for 112 gold pieces
122812 | D:8      | Bought a scroll of fear for 60 gold pieces
123093 | Vaults:2 | Bought a potion of lignification for 66 gold pieces
123093 | Vaults:2 | Bought a potion of mutation for 176 gold pieces
123093 | Vaults:2 | Bought a potion of curing for 66 gold pieces
123093 | Vaults:2 | Bought a potion of curing for 66 gold pieces
123203 | Vaults:4 | Noticed Sergey's illusion
123347 | Vaults:4 | Noticed Sergey's illusion
123354 | Vaults:4 | Killed Mara
123580 | Vaults:5 | Entered Level 5 of the Vaults
123595 | Vaults:5 | Reached skill level 10 in Evocations
123612 | Vaults:5 | Reached XP level 25. HP: 63/160 MP: 5/47
124652 | Vaults:5 | Identified the ring "Iplor" {*Corrode rF+ rN+ Dex+8 SInv}
125102 | Vaults:5 | Got a silver rune of Zot
125131 | Vaults:5 | Identified the staff of Woe {Stlth+ Earth}
125257 | Vaults:5 | Identified the ring "Xuthewipp" {Will+ AC+4 Int+3}
126559 | Vaults:5 | Identified the +11 hand axe "Cicrih" {antimagic, *Corrode
                  | rPois rN+ Int+3}
127450 | Vaults:5 | Identified the staff "Jawolu" {rN+ Int+4 Earth}
130194 | Zot:2    | Reached XP level 26. HP: 166/166 MP: 5/47
131792 | Zot:2    | Got the Grimoire of the Cemetery and the Sphinx
132606 | Zot:4    | Noticed a Killer Klown
132612 | Zot:4    | Killed a Killer Klown
133539 | Zot:4    | Noticed a Killer Klown
133549 | Zot:4    | Killed a Killer Klown
133838 | Zot:4    | Found the +3 crown of Dyrovepreva {rElec Int+2 SInv}
133840 | Zot:4    | Noticed Jafujy's ghost (legendary MiAK)
134187 | Zot:4    | Found a runed translucent door.
135952 | Zot:5    | Entered Level 5 of the Realm of Zot
136124 | Zot:5    | Reached skill level 1 in Translocations
137029 | Zot:5    | Noticed an ancient lich
137089 | Zot:5    | Killed an ancient lich
137869 | Zot:5    | Learned a level 2 spell: Blink
138210 | Zot:5    | Noticed a Killer Klown
138214 | Zot:5    | Killed a Killer Klown
138232 | Zot:5    | Noticed a Killer Klown
138437 | Zot:5    | Noticed a Killer Klown
138634 | Zot:5    | Noticed a Killer Klown
138638 | Zot:5    | Killed a Killer Klown
138646 | Zot:5    | Noticed an orb of fire
138659 | Zot:5    | Gained mutation: You are frail. (-10% HP) [an orb of fire]
138660 | Zot:5    | Gained mutation: Armour fits poorly on your strangely
                  | shaped body. [an orb of fire]
138663 | Zot:5    | Killed an orb of fire
138707 | Zot:5    | Lost mutation: You occasionally lose the ability to drink
                  | potions when taking damage. [potion of mutation]
138707 | Zot:5    | Lost mutation: Armour fits poorly on your strangely shaped
                  | body. [potion of mutation]
138707 | Zot:5    | Lost mutation: You are frail. (-10% HP) [potion of
                  | mutation]
139038 | Zot:5    | Noticed a Killer Klown
139049 | Zot:5    | Killed a Killer Klown
139057 | Zot:5    | Killed a Killer Klown
139217 | Zot:5    | Noticed a Killer Klown
139356 | Zot:5    | Killed a Killer Klown
139526 | Zot:5    | Noticed an orb of fire
139774 | Zot:5    | Gained mutation: Your health recovers twice as slowly from
                  | being drained. [an orb of fire]
139784 | Zot:5    | Gained mutation: Your magical capacity is low. (-10% MP)
                  | [an orb of fire]
139786 | Zot:5    | Killed an orb of fire
140284 | Zot:5    | Noticed a Killer Klown
140356 | Zot:5    | Killed a Killer Klown
140357 | Zot:5    | Reached XP level 27. HP: 171/171 MP: 16/42
140764 | Zot:5    | Reached skill level 5 in Translocations
140942 | Zot:5    | Noticed an orb of fire
140942 | Zot:5    | Gained mutation: You sometimes lose your temper in combat.
                  | [an orb of fire]
140950 | Zot:5    | Killed an orb of fire
142077 | Zot:5    | Got the Orb of Zot
142668 | D:$      | Escaped with the Orb!

Illustrated notes

Levels and vault maps discovered:
D:1:      eino_arrival_water_cross, layout_loops_ring,
          ebering_ecumenical_altar_ruins
D:2:      layout_basic, uniq_robin
D:3:      gammafunk_steamed_eel, layout_basic, minivault_23
D:4:      layout_loops_ring, mainiacjoe_overflow_chevrons,
          minmay_temple_entry_drinking_statues
D:5:      layout_loops_ring, slow_altar_1, elyvilon_altar_3,
          minmay_misc_feat_tiny, chequers_serial_rivers_large_a,
          minmay_statues_item
D:6:      layout_rooms, mainiacjoe_overflow_boulevard, hex_intersection
D:7:      layout_gridville, nicolae_gozag_cash_rules_everything_around_me,
          serial_co_window_serial, co_window_of_opportunity_a,
          co_window_paths_a, co_window_paths_a, co_window_paths_a,
          co_window_paths_a, co_window_unsneaky_path_a,
          co_window_of_opportunity_c, co_window_cross_2, co_window_corner_b,
          co_window_cross_2, co_window_of_opportunity_c, co_window_paths_c,
          glass_columns_c, serial_shops, shop, shop, shop,
          nicolae_shop_pleasant_corner_grove, nicolae_shop_mannequins
D:8:      due_megacathedral, layout_basic, grunt_lair_entry_orc_guard_hut,
          serial_shops, shop
D:9:      layout_roguey, chequers_temple_overflow_minitemple, serial_shops, shop
D:10:     layout_irregular_city, orc_0_dummy, serial_shops, shop
D:11:     layout_basic, hellmonk_ghost_happy_afterlife, nicolae_zen_rock_garden,
          minmay_guarded_unrand_staff_of_olgreb, uniq_harold
D:12:     layout_irregular_city, kennysheep_small_square
D:13:     layout_gridville, special_room [special_room_orc], uniq_azrael
D:14:     minmay_isolated_rectangles_in_corner, layout_cave_pods,
          hangedman_vaults_entry_quadrant_bands, serial_shops, shop,
          basic_altar, nicolae_clarity_for_sale
D:15:     grunt_enter_depths_hoard, layout_irregular_city,
          chequers_hall_statues_y
Lair:1:   layout_small_grid, nicolae_quartered_pool_impasse, minivault_27,
          pdpol_lair_neglected_garden, serial_bayou_shore_a, uniq_gastronok
Lair:2:   layout_roguey, mainiacjoe_swamp_entry_lozenge_pond,
          grunt_megastairs_3, uniq_amaemon
Lair:3:   gammafunk_cloud_chamber, layout_cave_pods, nicolae_snake_entry_squirm,
          pond, uniq_sonja
Lair:4:   lemuel_slime, layout_hall_layers, nicolae_slime_entry_field_trip,
          beast_lair_carwin_8
Lair:5:   hellmonk_lair_end_abyssal_woods, layout_misc_corridors,
          gammafunk_ghost_split, patterned_corridor, lemuel_fruit_fields
Swamp:1:  layout_basic_swamp, evilmike_swamp_ruin_house_6, st_swamp_ruins_3,
          infiniplex_staircase_pool_2
Swamp:2:  layout_falls_marsh, evilmike_swamp_ruin_house_1, swamp_pool_1_2
Swamp:3:  layout_falls_marsh, evilmike_swamp_ruin_wall, swamp_pool_1_2,
          nicolae_swamp_catching_bugs
Swamp:4:  swamp, layout_basic_swamp
Snake:1:  layout_onion_interference, nicolae_zig_zag_zippers
Snake:2:  layout_onion, drop_trap
Snake:3:  layout_onion
Snake:4:  grunt_snake_rune_serpentine_throne, layout_misc_corridors, drop_trap,
          uniq_nikola
Slime:1:  nicolae_slime_jelly_donut, layout_caves
Slime:2:  layout_caves
Slime:3:  layout_caves
Slime:4:  layout_caves
Slime:5:  slime_pit
Orc:1:    layout_caves, gammafunk_ghost_cemetery, uniq_erolcha
Orc:2:    st_orc_rangers, layout_diamond_mine, serial_shops, shop
Elf:1:    eino_elf_arrival_sip, layout_loops_cross,
          portal_desolation_entry_ruin, minmay_elf_annihilation,
          serial_library_hellmonk_metal_room
Elf:2:    elven_hall_of_blades_hangedman_original [nicolae_blade_tridents],
          layout_gridlike, lemuel_elevator
Elf:3:    grunt_elf_hall_branching, layout_gridlike
Vaults:1: ebering_ghost_xom, lightli_orcish_oven, nicolae_vaults_tetromino_T_1,
          nicolae_vaults_lopsided_apartments, vaults_room_door_ring,
          v_alt_pattern_5, hangedman_vaults_unwind,
          nicolae_vaults_network_barrier,
          nicolae_vaults_windows_and_doors_thing, nicolae_vaults_octothorpe,
          layout_vaults_ring
Vaults:2: minmay_crypt_entry_vampire_xt, gargoyle_guard, v_rooms_4,
          vaults_mumra_hexcomb, nicolae_vaults_shelves_hall,
          nicolae_vaults_house_2, layout_vaults_omnigrid, serial_shops, shop,
          uniq_sojobo
Vaults:3: hangedman_vaults_stretched_pinwheel, nicolae_vaults_shrinking_rooms_2,
          st_spiral_rooms, nicolae_vaults_storage_closets_3,
          nicolae_vaults_closet_pinwheel_3, nicolae_vaults_little_squares_2,
          vaults_room_pool, nicolae_vaults_tetromino_Z_1,
          layout_vaults_big_room, serial_shops,
          nicolae_shop_bloodbath_and_beyond
Vaults:4: nicolae_vaults_spaceships, nicolae_vaults_circle_grid_b,
          nicolae_vaults_three_branches, hangedman_vaults_cutoff,
          nicolae_vaults_double_plus_3, hangedman_vaults_restitches,
          minmay_guarded_unrand_sword_of_power, hangedman_vaults_corner_blocks,
          vaults_room_fancy_cross, layout_vaults_maze_snakey, serial_shops,
          nicolae_shop_back_alley_shop, uniq_mara
Vaults:5
Crypt:1:  layout_rooms, special_room [special_room_morgue]
Crypt:2:  layout_chaotic_city, nicolae_crypt_wrong_turn, grunt_megastairs_5,
          uniq_vv
Depths:1: layout_gridlike, enter_ziggurat_b, grunt_mini_vestibule,
          amcnicky_mini_corridor_feature, nicolae_ashenzari_skybound
Depths:2: minmay_tri_box, layout_gridville, hell_entry,
          hangedman_decor_riveting, abyss_entry_small_statue_room,
          grunt_pan_entry_zigzag, kennysheep_random_hallway,
          serial_bayou_shore_b
Depths:3: minmay_the_grid_four_pointed_star_mashed
          [minmay_the_grid_triangle_9x9_zippers_vertical,
          minmay_the_grid_triangle_9x9_stretched_checkered,
          minmay_the_grid_triangle_9x9_longest,
          minmay_the_grid_triangle_9x9_fully_insulated_deathbox,
          minmay_the_grid_prize_four_corners], layout_cave_shapes,
          abyss_entry_crystal, serial_shops, bzr_entry_safe,
          grunt_hell_entry_dis_old, infiniplex_enter_wizlab_water,
          infiniplex_staircase_pool_lava, uniq_boris
Depths:4: evilmike_zot_entry_basic, layout_long_grid, hell_entry,
          hangedman_abyss_entry_splay, nemelex_xobeh_ov_fountains_minmay,
          hex_tiny
Zot:1:    layout_gridlike, bh_zot_ikea_curve,
          regret_index_zotdec_silver_v_v_loose, uniq_josephina
Zot:2:    kennysheep_oblong_rooms, layout_onion_interference,
          nicolae_zot_crop_circle, grunt_megastairs_4
Zot:3:    layout_gridville
Zot:4:    layout_basic, hellmonk_ghost_big_iron
Zot:5:    layout_twisted_circle

Skill      XL: |  1  2  3  4  5  6  7  8  9 10 11 12 13 14 15 16 17 18 19 20 21 22 23 24 25 26 27 |
---------------+----------------------------------------------------------------------------------+-----
Conjurations   | 2 3 4 5 7 9 12 16 18 20 22 24 25 | 25.0
Spellcasting   | 2 3 5 7 10 11 12 13 14 16 17 19 | 19.0
Short Blades   | 2 4 |  4.0
Fire Magic     | 1 3 4 7 8 12 | 12.0
Fighting       | 3 4 5 6 7 8 10 12 14 16 17 | 17.0
Dodging        | 1 3 6 7 8 10 12 13 14 15 17 18 | 18.0
Throwing       | 2 |  2.0
Evocations     | 2 3 6 10 11 14 | 14.0
Invocations    | 1 5 7 10 12 13 14 | 14.0
Earth Magic    | 2 4 6 |  6.0
Air Magic      | 1 8 12 14 16 19 22 24 25 | 25.0
Shields        | 6 8 10 | 10.0
Armour         | 4 |  4.4
Staves         | 6 |  6.0
Translocations | 4 6 |  6.0
Stealth        | |  4.0
Alchemy        | |  1.7

Action                     |  1- 3 |  4- 6 |  7- 9 | 10-12 | 13-15 | 16-18 | 19-21 | 22-24 | 25-27 || total
---------------------------+-------+-------+-------+-------+-------+-------+-------+-------+-------++-------
  Melee: Dagger            |    10 |       |       |       |       |       |       |       |       ||    10
         Kick              |     7 |     3 |    26 |   178 |   179 |    63 |   129 |   188 |   183 ||   956
         Peck              |     1 |     1 |    18 |   126 |   110 |    33 |    75 |   128 |   132 ||   624
         Short sword       |     5 |    15 |    87 |   409 |   325 |   110 |    52 |     6 |    10 ||  1019
         Staff             |       |       |       |       |    68 |    17 |   183 |   322 |   318 ||   908
   Fire: Shortbow          |       |       |     5 |       |       |       |       |       |       ||     5
  Throw: Dart              |    11 |     1 |     3 |    14 |    40 |     3 |       |       |     1 ||    73
         Throwing net      |       |       |       |     1 |       |     1 |       |       |     6 ||     8
   Cast: Sting             |    49 |    29 |    10 |       |       |       |       |       |       ||    88
         Foxfire           |       |    93 |   125 |     8 |       |       |       |       |       ||   226
         Stone Arrow       |       |       |    28 |   156 |   110 |   207 |    22 |     2 |     1 ||   526
         Apportation       |       |       |     2 |       |       |     1 |     1 |     4 |     1 ||     9
         Mephitic Cloud    |       |       |       |    31 |    20 |     4 |       |       |       ||    55
         Arcjolt           |       |       |       |       |   231 |    92 |   112 |   294 |    85 ||   814
         Plasma Beam       |       |       |       |       |   102 |   431 |   379 |   443 |   194 ||  1549
         Orb of Destructio |       |       |       |       |       |    20 |    65 |   168 |   168 ||   421
         Freezing Cloud    |       |       |       |       |       |       |    59 |    21 |    21 ||   101
         Summon Lightning  |       |       |       |       |       |       |    30 |     4 |     5 ||    39
         Bombard           |       |       |       |       |       |       |       |    94 |   125 ||   219
         Chain Lightning   |       |       |       |       |       |       |       |       |    21 ||    21
         Blink             |       |       |       |       |       |       |       |       |     5 ||     5
 Invoke: Lesser Servant of |       |       |       |     3 |    22 |    24 |    23 |     6 |    13 ||    91
         Greater Servant o |       |       |       |       |     1 |     1 |     1 |    12 |     6 ||    21
         Minor Destruction |       |       |       |       |       |       |     1 |       |       ||     1
  Evoke: Wand              |       |       |     5 |    16 |    33 |    17 |    26 |    35 |    64 ||   196
         Tin of tremorston |       |       |       |       |       |       |     5 |     4 |     5 ||    14
         Sack of spiders   |       |       |       |       |       |       |     1 |     2 |     4 ||     7
         Lightning rod     |       |       |       |       |       |       |       |       |    18 ||    18
    Use: Scroll            |     2 |     7 |    13 |    13 |    21 |    10 |    16 |    14 |    17 ||   113
         Potion            |       |     2 |       |       |    12 |     5 |     3 |     9 |    16 ||    47
   Stab: Sleeping          |     2 |     1 |     4 |     4 |     2 |       |       |       |     2 ||    15
         Invisible         |     1 |       |       |       |     1 |       |       |       |       ||     2
         Confused          |       |       |       |    30 |    10 |       |       |       |       ||    40
         Distracted        |       |       |       |     3 |     2 |       |     4 |       |     3 ||    12
         Held in net/web   |       |       |       |       |       |       |       |       |     1 ||     1
 Armour: Leather armour    |    13 |     1 |       |       |       |       |       |       |       ||    14
         Animal skin       |       |    28 |    57 |    39 |       |       |       |       |       ||   124
         Troll leather arm |       |       |       |    91 |   331 |   358 |   342 |   402 |       ||  1524
         Robe              |       |       |       |       |       |       |       |   211 |   436 ||   647
  Dodge: Dodged            |    17 |    31 |    99 |   326 |   686 |   559 |   594 |  1263 |   798 ||  4373
  Block: Buckler           |       |       |       |       |       |   172 |   252 |   504 |   285 ||  1213

Table legend: (Time is in decaauts)
 A = Elapsed time spent in this place.
 B = Non-inter-level travel time spent in this place.
 C = Inter-level travel time spent in this place.
 D = Time resting spent in this place.
 E = Time spent auto-exploring this place.
 F = Levels seen in this place.
 G = Mean time per level.
                   A        B        C        D        E       F      G
               +--------+--------+--------+--------+--------+-----+--------+
         Total | 142761 | 128093 |  14668 |  21604 |  84446 |  56 | 2549.3 |
       Dungeon |  37591 |  30559 |   7032 |   3522 |  20612 |  15 | 2506.1 |
          Lair |  13604 |  11634 |   1970 |    781 |   9343 |   5 | 2720.8 |
         Swamp |   8912 |   8499 |    413 |   2700 |   4763 |   4 | 2228.0 |
     Snake Pit |  11807 |  11279 |    528 |   2108 |   7126 |   4 | 2951.8 |
    Slime Pits |   5600 |   5406 |    194 |   3312 |   1240 |   5 | 1120.0 |
  Orcish Mines |   3549 |   2718 |    831 |    275 |   2026 |   2 | 1774.5 |
   Elven Halls |  10909 |   9944 |    965 |   2053 |   6278 |   3 | 3636.3 |
        Vaults |  22695 |  21298 |   1397 |   2530 |  15496 |   5 | 4539.0 |
         Crypt |   1687 |   1537 |    150 |      3 |   1192 |   2 |  843.5 |
        Depths |  12237 |  11444 |    793 |   1321 |   8409 |   4 | 3059.2 |
           Zot |  13964 |  13572 |    392 |   2998 |   7818 |   5 | 2792.8 |
        Bazaar |    190 |    190 |      0 |      0 |    138 |   1 |  190.0 |
        Wizlab |     11 |     11 |      0 |      0 |      5 |   1 |   11.0 |
               +--------+--------+--------+--------+--------+-----+--------+

Top non-repeatable levels by time:
Vaults:2: 8344 daAuts
   Elf:2: 5996 daAuts
   Zot:5: 5447 daAuts
    D:14: 5258 daAuts
 Snake:4: 4426 daAuts
   Zot:4: 4254 daAuts
Vaults:5: 4160 daAuts
Depths:3: 3697 daAuts
Vaults:1: 3642 daAuts
  Lair:5: 3636 daAuts
Vaults:3: 3621 daAuts
  Lair:4: 3473 daAuts
 Swamp:1: 3422 daAuts
   Zot:2: 3331 daAuts
    D:13: 3263 daAuts
